 Dungeon Crawl Stone Soup version 0.17.0-1-g61d176b (console) character file.

75 gw the Cudgeler (level 4, 4/35 HPs)
             Began as a Demonspawn Chaos Knight on Nov 8, 2015.
             Quit the game on level 2 of the Dungeon.
             The game lasted 00:05:39 (2726 turns).

gw the Cudgeler (Demonspawn Chaos Knight)           Turns: 2726, Time: 00:05:39

Health: 4/35       AC:  8    Str: 12    XL:     4   Next: 11%
Magic:  4/4        EV: 10    Int: 13    God:    Xom [...*..]
Gold:   88         SH:  0    Dex: 14    Spells: 0 memorised, 3 levels left

rFire  . . .     SeeInvis .     a - +0 mace (chaos)
rCold  . . .     Clarity  .     d - +3 ring mail
rNeg   . . .     SustAt   .     (no shield)
rPois  .         Gourm    .     (helmet restricted)
rElec  .         Spirit   .     (no cloak)
rCorr  .         Warding  .     (no gloves)
rMut   .         Stasis   .     (no boots)
MR     .....                    (no amulet)
Stlth  ..........               (no ring)
                                (no ring)

@: confused, not resistant to hostile enchantments, extremely unstealthy
A: horns 1, powered by pain 1
a: Renounce Religion


You were on level 2 of the Dungeon.
You worshipped Xom.
You were a favourite toy of Xom.
You were not hungry.

You visited 1 branch of the dungeon, and saw 2 of its levels.

You collected 88 gold pieces.

Inventory:

Hand Weapons
 a - a +0 mace of chaos (weapon)
Armour
 d - a +3 ring mail (worn)
Comestibles
 c - a bread ration


   Skills:
 + Level 3.5 Fighting
 * Level 3.8 Maces & Flails
 + Level 2.3 Armour
 - Level 0.8 Dodging


You had 3 spell levels left.
You didn't know any spells.

Dungeon Overview and Level Annotations

Branches:
Dungeon (2/15)

Altars:
Okawaru

Annotations:
D:2 Sigmund


Innate Abilities, Weirdness & Mutations

You have a pair of small horns on your head.
You sometimes gain a little power by taking damage.


Message History

ATTACK MOVE TO (1,1) Are you sure you want to stumble around while confused and next to your iron imp?
Okay, then.
Unknown command.
Unknown command.
Unknown command.
ATTACK MOVE TO (1,1) Are you sure you want to stumble around while confused and next to your iron imp?
Okay, then.
Unknown command.
Unknown command.
Unknown command.
ATTACK MOVE TO (1,1) Are you sure you want to stumble around while confused and next to your iron imp?
Okay, then.
Unknown command.
Unknown command.
Unknown command.
Infinite lua loop detected, aborting.
Are you sure you want to abandon this character and quit the game? (Confirm with "yes".)

...##.#.............#...##.#.....
....#.#....#......!........#.....
....#.#....#.########...####.....
....#.#....#.# #.................
....#.#....#.# #.###########.....
....#.#....#.# #.# #.....
....#.#....#.# #.# #.....
......#....#.###5# ####..
...<............6# #..
.#....#........##@.# #..
.#....#............# #..
.#...##........##..# ###
.#...##...)....# .... ######
.#...##........# .... #.....
.#...##..<.....# ...[. #.....
##.:.##....##### ...... #.....
##.....


You could see Sigmund and a friendly iron imp.

Table legend:
 A = Turns spent in this place as a percentage of turns spent in the entire game.
 B = Non-inter-level travel turns spent in this place as a percentage of non-inter-level travel turns spent in the entire game.
 C = Inter-level travel turns spent in this place as a percentage of turns spent in this place.
 D = Turns resting spent in this place as a percentage of non-inter-level travel turns spent in this place.
 E = Turns spent auto-exploring this place as a percentage of non-inter-level travel turns spent in this place.
 F = Non-inter-level travel turns spent in this place divided by the number of levels of this place that you've seen.
                   A       B       C       D       E      F
               +-------+-------+-------+-------+-------+----------------------
         Total | 100.0 | 100.0 |   0.2 |   0.7 |   1.0 | 3833.0
       Dungeon | 100.0 | 100.0 |   0.2 |   0.7 |   1.0 | 3833.0
               +-------+-------+-------+-------+-------+----------------------

Table legend:
 A = Kills in this place as a percentage of kills in entire the game.
 B = Kills by you in this place as a percentage of kills by you in the entire game.
 C = Kills by friends in this place as a percentage of kills by friends in the entire game.
 D = Other kills in this place as a percentage of other kills in the entire game.
 E = Experience gained in this place as a percentage of experience gained in the entire game.
 F = Experience gained in this place divided by the number of levels of this place that you have seen.
                   A       B       C       D       E      F
               +-------+-------+-------+-------+-------+----------------------
         Total | 100.0 | 100.0 |  -nan |  -nan | 100.0 |  54.0
       Dungeon | 100.0 | 100.0 |  -nan |  -nan | 100.0 |  54.0
               +-------+-------+-------+-------+-------+----------------------

Vanquished Creatures
  2 adders
  An ooze (D:1)
  A worm (D:2)
  An orc (D:2)
  A giant gecko (D:2)
  2 giant cockroaches (D:2)
  11 goblins
  3 hobgoblins
  9 jackals
  5 bats
  5 giant newts
  5 kobolds
  3 rats
49 creatures vanquished.

Notes
Turn   | Place    | Note
--------------------------------------------------------------
     0 | D:1      | gw the Demonspawn Chaos Knight began the quest for the Orb.
     0 | D:1      | Reached XP level 1. HP: 18/18 MP: 1/1
    32 | D:1      | XOM: butterfly on damage
    47 | D:1      | XOM: harmless Pois miscast
    60 | D:1      | XOM: silly message
   222 | D:1      | Gained mutation: You sometimes gain a little power by taking damage. [demonic ancestry]
   222 | D:1      | Reached XP level 2. HP: 20/24 MP: 2/2
   234 | D:1      | XOM: divination: magic mapping
   353 | D:1      | XOM: god gift: small soapstone amulet {god gift}
   772 | D:1      | XOM: divination: detect creatures
   776 | D:1      | XOM: confuse monster(s)
   788 | D:1      | XOM: potion effect (agility)
   793 | D:1      | Reached XP level 3. HP: 26/29 MP: 3/3
   883 | D:1      | XOM: mild Erth miscast
  1108 | D:1      | XOM: vitrification
  1122 | D:2      | Found an iron altar of Okawaru.
  1432 | D:2      | Noticed Jessica
  1434 | D:2      | Noticed Jessica
  1434 | D:2      | Jessica changed into Jessica the orc
  1434 | D:2      | XOM: polymorph Jessica -> Jessica the orc
  1449 | D:2      | Killed Jessica the orc
  1673 | D:2      | XOM: mild Chrm miscast
  1911 | D:2      | XOM: 2-stop teleportation journey
  2040 | D:2      | XOM: cast spell 'Beastly Appendage'
  2144 | D:2      | Gained mutation: You have a pair of small horns on your head. [demonic ancestry]
  2144 | D:2      | Reached XP level 4. HP: 9/35 MP: 4/4
  2296 | D:2      | XOM: colour smoke trail
  2712 | D:2      | Noticed Sigmund
  2717 | D:2      | XOM: summons friendly iron imp
  2726 | D:2      | Quit the game

Action                   |  1- 3 |  4- 6 || total
-------------------------+-------+-------++-------
Melee: Mace              |   166 |    22 ||   188
 Stab: Confused          |     1 |       ||     1
  Eat: Chunk             |     4 |     2 ||     6

Vault maps used:
D:1:      mushboom_english_gardens, minivault_11
D:2:      tso_altar, okawaru_trees_1, uniq_sigmund, uniq_jessica
